 Dungeon Crawl Stone Soup version 0.31.0-11-ge490571c62 (webtiles) character file.

Game seed: 17074995450622683037

427 browni3141 the Trooper (level 6, -6/52 HPs)
             Began as a Barachi Monk on Feb 1, 2024.
             Was a Follower of Kikubaaqudgha.
             Mangled by a black bear (8 damage)
             ... on level 4 of the Dungeon.
             The game lasted 00:05:00 (753 turns).

browni3141 the Trooper (Barachi Monk)                Turns: 753, Time: 00:05:00

Health: -6/52      AC:  4    Str: 12    XL:     6   Next: 97%
Magic:  6/6        EV: 13    Int: 13    God:    Kikubaaqudgha [*.....]
Gold:   198        SH:  0    Dex: 14    Spells: 5/5 levels left

rFire   . . .        a - +0 falchion
rCold   + . .        d - orb {light}
rNeg    . . .        u - +1 leather armour {rC+}
rPois   .            (no helmet)
rElec   .            (no cloak)
rCorr   .            (no gloves)
SInv    .            (no boots)
Will    .....        (no amulet)
Stlth   +            (no ring)
HPRegen 0.28/turn    (no ring)
MPRegen 0.10/turn

%: no passive effects
@: glowing, slow
A: amphibious, slowness 1, strong legs 1, +LOS
a: Hop, Renounce Religion, Unearth Wretches


You were on level 4 of the Dungeon.
You worshipped Kikubaaqudgha.
Kikubaaqudgha was aware of your devotion.
You visited 2 branches of the dungeon, and saw 5 of its levels.
You also visited: Sewer.

You collected 198 gold pieces.

Inventory:

Hand Weapons
 a - a +0 falchion (weapon)
 f - a +0 long sword
Armour
 b - a +0 robe
 d - an orb of light (worn)
 j - a +0 plate armour
 u - a +1 leather armour of cold resistance (worn)
Wands
 s - a wand of charming (12)
 t - a wand of flame (16)
Scrolls
 l - a scroll of noise {unknown}
 m - a scroll of vulnerability {unknown}
 r - a scroll of identify
 v - a scroll of enchant armour {unknown}
Potions
 i - a potion of curing
 k - a potion of lignification {unknown}


   Skills:
 + Level 5.9 Fighting
 + Level 5.9 Long Blades
 * Level 2.6 Armour
 - Level 5.0 Dodging
 + Level 0.0 Spellcasting
 * Level 0.0 Necromancy
 + Level 0.0 Evocations


You had 5 spell levels left.
You didn't know any spells.
Your spell library contained the following spells:

 Spells                   Type           Power      Damage    Failure   Level
 Kiss of Death            Conj/Necr      0%         2d5       36%         1
 Cigotuvi's Dreadful Rot  Necr/Alch/Air  0%         N/A       52%         2
 Fugue of the Fallen      Necr           0%         N/A       75%         3
 Vampiric Draining        Necr           0%         2d6       75%         3


Dungeon Overview and Level Annotations

Branches:
Dungeon (4/15)             Temple (1/1) D:4           Sewer (visited)

Altars:
Ashenzari
Cheibriados
Dithmenos
Elyvilon
Gozag
Hepliaklqana
Kikubaaqudgha
Makhleb
Nemelex Xobeh
Okawaru
Ru
Sif Muna
Trog
Uskayaw
Wu Jian
Xom
Yredelemnul

Shops:
D:4 =

Annotations:
Temple 2 transporters


Innate Abilities, Weirdness & Mutations

You are amphibious.
You cover ground slowly.
You can hop short distances.
You have an extended range of vision and can be seen from far away.


Message History

The orc wizard is almost dead.
The orc wizard hits you with a +0 dagger.
You barely miss the orc wizard.
The orc wizard is almost dead.
The orc wizard hits you but does no damage.
You hit the orc wizard but do no damage.
The orc wizard is almost dead.
The orc wizard hits you with a +0 dagger.
You barely miss the orc wizard.
The orc wizard is almost dead.
The orc wizard hits you with a +0 dagger.
You slash the orc wizard!
You kill the orc wizard!
No target in view!
There is a staircase to the Ecumenical Temple here.
You see here a wand of flame (16).
t - a wand of flame (16)
There is a staircase to the Ecumenical Temple here.
You climb downwards.
Welcome to the Ecumenical Temple!
Found nine altars.
Found a staircase back to the Dungeon.
There is a staircase back to the Dungeon here.
Found a basalt altar of Yredelemnul and a sacrificial altar of Ru.
Found three altars.
There is a transporter here.
You enter the transporter and appear at another place.
There is an ancient bone altar of Kikubaaqudgha here.
You kneel at the altar of Kikubaaqudgha.
Kikubaaqudgha welcomes you!
You can now bring forth the wretched and dying.
Kikubaaqudgha grants you a gift!
You add the spells Kiss of Death, Cigotuvi's Dreadful Rot, Fugue of the Fallen and Vampiric Draining to your library.
Kikubaaqudgha is now protecting you from necromantic miscasts and death curses.
There is a transporter landing site here.
Found a shadowy altar of Dithmenos and a hide-covered altar of Uskayaw.
Found a shimmering altar of Xom.
There is a transporter here.
You enter the transporter and appear at another place.
There is a staircase back to the Dungeon here.
You climb upwards.
Welcome back to the Dungeon!
There is a staircase to the Ecumenical Temple here.
Items here: ( ) [ †.
Okay, then.
Unknown command.
Unknown command.
u - a +1 leather armour of cold resistance You start removing your armour.
You continue taking off your +0 plate armour. x4
You finish taking off your +0 plate armour.
You start putting on your armour.
You continue putting on your +1 leather armour of cold resistance. x5
You finish putting on your +1 leather armour of cold resistance.
You feel resistant to cold.
Things that are here:
a +0 dagger; a kobold corpse You see here a scroll labelled ITISTR MURITRO.
v - a scroll labelled ITISTR MURITRO Kikubaaqudgha will no longer protect you from necromantic miscasts or death curses.
A black bear comes into view.
The black bear growls angrily.
You hit the black bear.
The black bear is lightly wounded.
The black bear misses you. The black bear closely misses you.
The black bear claws you.
You hit the black bear but do no damage.
The black bear is lightly wounded.
The black bear bites you.
The black bear claws you but does no damage.
The black bear closely misses you.
You hit the black bear.
The black bear is moderately wounded.
The black bear barely misses you. The black bear claws you.
The black bear barely misses you.
You hit the black bear.
The black bear is moderately wounded.
The black bear closely misses you. The black bear misses you.
The black bear claws you.
You hit the black bear.
The black bear is heavily wounded.
The black bear bites you! The black bear claws you. x2
You slash the black bear!
The black bear is severely wounded.
The black bear goes berserk!
You barely miss the black bear.
The black bear is severely wounded.
The black bear bites you. The black bear claws you. x2
You barely miss the black bear.
The black bear is severely wounded.
The black bear closely misses you. The black bear claws you. x2
The black bear barely misses you. The black bear claws you.
The black bear barely misses you.
You hit the black bear.
The black bear is severely wounded.
The black bear bites you. The black bear claws you.
The black bear completely misses you.
You hit the black bear.
The black bear is almost dead.
The black bear bites you! The black bear claws you.
The black bear barely misses you. The black bear bites you!
You die...
Kikubaaqudgha rasps: "You have failed me!
Welcome... death!"

............##
###########..#
##.## ##.##
##.## #..#
##.## #..#
#.@# ##h# #.#
..# ... ....
....# ##..##
####


You could see a black bear (berserk).

Vanquished Creatures
  A black bear (D:4)
  A crocodile (Sewer)
  A phantom (D:4)
  A brain worm (Sewer)
  A bombardier beetle (D:4)
  An orc wizard (D:4)
  2 adders
  A dart slug (D:4)
  8 orcs
  A ball python (D:4)
  8 bats (Sewer)
  A giant cockroach (D:3)
  4 kobolds
  A goblin (D:3)
32 creatures vanquished.

Vanquished Creatures (collateral kills)
  A dart slug (D:4)
  A kobold (D:4)
2 creatures vanquished.

Vanquished Creatures (others)
  An orc (D:4)
1 creature vanquished.

Grand Total: 35 creatures vanquished

Notes
Turn   | Place    | Note
-------+----------+-------------------------------------------
     0 | D:1      | browni3141 the Barachi Monk began the quest for the Orb.
     0 | D:1      | Reached XP level 1. HP: 18/18 MP: 1/1
   110 | D:2      | Reached XP level 2. HP: 13/25 MP: 2/2
   145 | D:3      | HP: 1/25 [orc/+0 hand axe (3)]
   212 | D:3      | Found a glowing drain.
   235 | D:3      | Reached XP level 3. HP: 23/30 MP: 3/3
   240 | Sewer    | Entered a sewer
   277 | Sewer    | Noticed a brain worm
   292 | Sewer    | Killed a brain worm
   293 | Sewer    | Reached XP level 4. HP: 13/38 MP: 1/4
   294 | Sewer    | Noticed a crocodile
   315 | Sewer    | Killed a crocodile
   316 | Sewer    | Reached skill level 5 in Fighting
   316 | Sewer    | Reached skill level 5 in Long Blades
   316 | Sewer    | Reached XP level 5. HP: 12/44 MP: 5/5
   448 | D:4      | Noticed a phantom
   461 | D:4      | Killed a phantom
   462 | D:4      | Reached skill level 5 in Dodging
   462 | D:4      | Reached XP level 6. HP: 48/51 MP: 6/6
   470 | D:4      | Found Zyisurr's Jewellery Boutique.
   514 | D:4      | Reached skill level 1 in Armour
   533 | D:4      | Noticed a black bear
   541 | D:4      | Killed a black bear
   583 | D:4      | Found a staircase to the Ecumenical Temple.
   620 | Temple   | Found a transporter.
   620 | Temple   | Found a transporter.
   620 | Temple   | Found a transporter.
   620 | Temple   | Found a transporter.
   620 | Temple   | Entered the Ecumenical Temple
   636 | Temple   | Became a worshipper of Kikubaaqudgha
   636 | Temple   | Reached * piety under Kikubaaqudgha
   636 | Temple   | Received a gift from Kikubaaqudgha
   636 | Temple   | Reached ** piety under Kikubaaqudgha
   740 | D:4      | Noticed a black bear
   753 | D:4      | HP: 2/52 [black bear (2)]
   753 | D:4      | Mangled by a black bear

Illustrated notes

Levels and vault maps discovered:
D:1:      wheals_arrival_shading, layout_basic
D:2:      kb_forest_paths, layout_loops_corners,
          dreamdust_ecumenical_altar_statues, minmay_pentomino_v2
D:3:      layout_loops_cross, gup_sewer_entry_glass
D:4:      black_bear_nest_1, layout_basic, minmay_temple_entry_mini_moons,
          serial_shops, nicolae_shop_gaudy_bauble
Temple:   hellmonk_temple_divided_pantheon

Skill      XL: |  1  2  3  4  5  6 |
---------------+-------------------+-----
Fighting       | 4 5 |  5.9
Long Blades    | 4 5 |  5.9
Dodging        | 4 5 |  5.0
Armour         | 2 |  2.6

Action                     |  1- 3 |  4- 6 || total
---------------------------+-------+-------++-------
  Melee: Falchion          |    68 |    81 ||   149
Ability: Hop               |     1 |     1 ||     2
  Evoke: Wand              |       |     1 ||     1
    Use: Scroll            |     2 |       ||     2
         Potion            |     2 |     3 ||     5
 Armour: Robe              |    70 |    13 ||    83
         Plate armour      |       |    72 ||    72
         Leather armour    |       |    19 ||    19
  Dodge: Dodged            |    82 |    32 ||   114
